 Dungeon Crawl Stone Soup version 0.23.1 (webtiles) character file.

Game seed: 8828860615805630737

30 Kairos the Sneak (level 3, 18/18 HPs)
             Began as a Vine Stalker Assassin on Mar 10, 2019.
             Quit the game on level 1 of the Dungeon.
             The game lasted 00:01:01 (552 turns).

Kairos the Sneak (Vine Stalker Assassin)             Turns: 552, Time: 00:01:02

Health: 18/18      AC:  4    Str: 13    XL:     3   Next: 20%
Magic:  4/4        EV: 12    Int: 16    God:
Gold:   74         SH:  0    Dex: 16    Spells: 2/2 levels left

rFire    . . .     SeeInvis .   a - +2 dagger
rCold    . . .     Gourm    .   (no shield)
rNeg     . . .     Faith    .   c - +0 robe
rPois    .         Spirit   +   (no helmet)
rElec    .         Reflect  .   d - +0 cloak
rCorr    .         Harm     .   (no gloves)
MR       .....                  h - +0 pair of boots
Stlth    +++.......             (no amulet)
HPRegen  0.06/turn              (no ring)
MPRegen  0.09/turn              (no ring)

@: brilliant
A: fangs 2, wild magic 1, magic shield, antimagic bite, no potion heal 3, rot
immunity, MP-powered wands
a: no special abilities


You were on level 1 of the Dungeon.
You were not hungry.

You visited 1 branch of the dungeon, and saw 1 of its levels.

You collected 74 gold pieces.

Inventory:

Hand Weapons
 a - a +2 dagger (weapon)
 b - a +0 blowgun
Missiles
 e - 8 poisoned needles
 f - 2 curare-tipped needles
Armour
 c - a +0 robe (worn)
 d - a +0 cloak (worn)
 h - a +0 pair of boots (worn)
Comestibles
 g - 3 rations


   Skills:
 + Level 1.8 Fighting
 + Level 2.2 Short Blades
 + Level 1.8 Throwing
 + Level 0.9 Dodging
 + Level 5.7 Stealth


You had 2 spell levels left.
You didn't know any spells.
Your spell library was empty.

Dungeon Overview and Level Annotations

Branches:
Dungeon (1/15)

Altars:


Innate Abilities, Weirdness & Mutations

You have extremely sharp teeth.
When hurt, damage is shared between your health and your magic reserves.
Your bite disrupts and absorbs the magic of your enemies.
Potions cannot restore your health.
You are immune to rotting.
Your spells are a little harder to cast, but a little more powerful.
You expend magic power (3 MP) to strengthen your wands.


Message History

Done exploring.
No target in view!
No target in view!
Done exploring.
As you read the scroll labeled XACAYDUPUTS, it crumbles to dust.
The air around you briefly surges with heat, but it dissipates.
It was a scroll of immolation.
Unknown command.
As you read the scroll labeled WYMUIC PYCIPP, it crumbles to dust.
You feel blessed for a moment.
It was a scroll of remove curse.
You aren't carrying any scrolls.
Unknown command.
It was a potion of magic.
Magic courses through your body.
It was a potion of mutation.
You feel extremely strange.
You feel your magical essence link to your wands.
You feel less in control of your magic.
It was a potion of heal wounds.
That seemed strangely inert.
It was a potion of brilliance.
You feel clever all of a sudden.
Are you sure you want to abandon this character and quit the game? (Confirm with "yes".)

#### ############ ###### ...##
###..........##### #....#
....###.....[...@......###....###
.................................
+.............................)..
#.......#..........###.....##....
.^......#.............#....######
.####.....##..........#..†.###...
............................##.<.
..........##......#...#####.##...
..........##......#...# ###'##.##


There were no monsters in sight!

Vanquished Creatures
  2 oozes (D:1)
  A dart slug (D:1)
  A leopard gecko (D:1)
  2 giant cockroaches (D:1)
  2 goblins (D:1)
  A hobgoblin (D:1)
  4 bats (D:1)
  2 frilled lizards (D:1)
  5 rats (D:1)
20 creatures vanquished.

Notes
Turn   | Place    | Note
-------+----------+-------------------------------------------
     0 | D:1      | Kairos the Vine Stalker Assassin began the quest for the
                  | Orb.
     0 | D:1      | Reached XP level 1. HP: 11/11 MP: 2/2
    32 | D:1      | Reached skill level 5 in Stealth
   105 | D:1      | Reached XP level 2. HP: 12/15 MP: 3/3
   231 | D:1      | Reached XP level 3. HP: 18/18 MP: 4/4
   549 | D:1      | Gained mutation: You expend magic power (3 MP) to
                  | strengthen your wands. [potion of mutation]
   549 | D:1      | Gained mutation: Your spells are a little harder to cast,
                  | but a little more powerful. [potion of mutation]
   552 | D:1      | Quit the game

Skill      XL: |  1  2 |
---------------+-------+-----
Stealth        | 5 |  5.7
Short Blades   | 2 |  2.2
Fighting       | |  1.8
Throwing       | |  1.8
Dodging        | |  0.9

Action                   || total
-------------------------++-------
Melee: Dagger            ||    31
       Bite              ||     6
  Use: Potion            ||     4
       Scroll            ||     2
 Stab: Sleeping          ||     9
Armor: Robe              ||    10
Dodge: Dodged            ||    14
